[ AOE2 MATCH · #508092620 ]
UnrankedVietnamese vs Britons
[ REPLAY ANALYSIS · EXTRACTED FROM THE RECORDED GAME ]
Feudal
9:48
Castle
23:06
Imperial
—
| APM avg | 53.2 |
| APM peak | 106 |
| eAPM avg | 25.7 |
| Villagers / military | 71 / 45 |
Focus
⚔️ 29.3% · 🌾 70.7%
Archer ×45
Feudal
9:18
Castle
21:27
Imperial
—
| APM avg | 29.4 |
| APM peak | 60 |
| eAPM avg | 15.9 |
| Villagers / military | 80 / 41 |
Focus
⚔️ 30.1% · 🌾 69.9%
Knight ×31 · Scout Cavalry ×10
Feudal
10:00
Castle
22:20
Imperial
—
| APM avg | 33.9 |
| APM peak | 78 |
| eAPM avg | 13.9 |
| Villagers / military | 48 / 30 |
Focus
⚔️ 31.8% · 🌾 68.2%
Archer ×30
Feudal
11:37
Castle
—
Imperial
—
| APM avg | 47.2 |
| APM peak | 109 |
| eAPM avg | 23.4 |
| Villagers / military | 51 / 18 |
Focus
⚔️ 16.0% · 🌾 84.0%
Spearman ×10 · Scout Cavalry ×8
Match map
Initial resources + every placement click. Lines = walls · curves = elevation contours. ◆ gold · ⬟ stone · ● berries · ✦ relic · ◌ wall gap
Your base· ✓ Closed at 23:06 · 73t walls · 4 gate(s)
LMG_Leonardo's base· ✓ Closed at 21:27 · 84t walls · no gate
TheCaesar's base· ✓ Closed at 22:20 · 66t walls · 2 gate(s)
Malicious's base· ✓ Closed at 25:42 · 73t walls · 2 gate(s)
Smoothed initial terrain · ◌ = detected wall gap · hover for details
Inputs per minute
— LMG_HERA DE TEMU - - LMG_Leonardo
Build order — LMG_HERA DE TEMU
First 150 of 203 actions detected
| 0:00 | Queue | Villager (Male) |
| 0:01 | Queue | Villager (Male) |
| 0:01 | Queue | Villager (Male) |
| 0:01 | Queue | Villager (Male) |
| 0:02 | Queue | Villager (Male) |
| 0:03 | Build | House |
| 0:05 | Build | House |
| 1:34 | Queue | Villager (Male) |
| 1:35 | Queue | Villager (Male) |
| 1:35 | Queue | Villager (Male) |
| 1:48 | Build | Lumber Camp |
| 2:08 | Queue | Villager (Male) |
| 2:08 | Queue | Villager (Male) |
| 2:08 | Queue | Villager (Male) |
| 2:09 | Queue | Villager (Male) |
| 2:31 | Queue | Villager (Male) |
| 2:31 | Queue | Villager (Male) |
| 2:53 | Queue | Villager (Male) |
| 2:54 | Queue | Villager (Male) |
| 2:54 | Queue | Villager (Male) |
| 3:09 | Build | House |
| 3:14 | Queue | Villager (Male) |
| 3:15 | Queue | Villager (Male) |
| 3:15 | Queue | Villager (Male) |
| 3:26 | Build | House |
| 3:33 | Queue | Villager (Male) |
| 3:33 | Queue | Villager (Male) |
| 4:08 | Queue | Villager (Male) |
| 4:08 | Queue | Villager (Male) |
| 4:37 | Build | Mill |
| 4:41 | Queue | Villager (Male) |
| 4:41 | Queue | Villager (Male) |
| 4:42 | Queue | Villager (Male) |
| 5:03 | Queue | Villager (Male) |
| 5:03 | Queue | Villager (Male) |
| 5:45 | Queue | Villager (Male) |
| 6:20 | Build | Mining Camp |
| 6:24 | Queue | Villager (Male) |
| 6:54 | Research | Loom |
| 7:38 | Research | Feudal Age |
| 7:38 | Research | Feudal Age |
| 7:55 | Build | Lumber Camp |
| 9:09 | Build | Barracks |
| 9:15 | Queue | Villager (Male) |
| 9:15 | Queue | Villager (Male) |
| 9:48 | Age | Feudal Age |
| 10:13 | Build | Archery Range |
| 10:17 | Research | Double-Bit Axe |
| 10:34 | Build | House |
| 10:36 | Queue | Villager (Male) |
| 10:37 | Queue | Villager (Male) |
| 10:58 | Build | Archery Range |
| 11:09 | Build | House |
| 11:12 | Queue | Villager (Male) |
| 11:12 | Queue | Villager (Male) |
| 11:28 | Queue | Villager (Male) |
| 11:28 | Queue | Villager (Male) |
| 11:41 | Build | Palisade Gate |
| 11:43 | Queue | Archer |
| 11:43 | Queue | Archer |
| 11:43 | Queue | Archer |
| 11:43 | Queue | Archer |
| 11:57 | Build | Palisade Wall |
| 12:01 | Build | Palisade Wall |
| 12:11 | Build | House |
| 12:14 | Queue | Villager (Male) |
| 12:15 | Queue | Villager (Male) |
| 12:17 | Build | Farm |
| 12:21 | Build | Mill |
| 12:28 | Build | Farm |
| 12:35 | Queue | Villager (Male) |
| 12:37 | Queue | Archer |
| 12:37 | Queue | Archer |
| 12:40 | Build | House |
| 12:43 | Build | Palisade Wall |
| 12:58 | Build | Palisade Wall |
| 13:10 | Build | Farm |
| 13:26 | Build | Farm |
| 13:28 | Build | Farm |
| 13:37 | Queue | Villager (Male) |
| 13:37 | Queue | Villager (Male) |
| 13:38 | Queue | Villager (Male) |
| 13:59 | Build | Farm |
| 14:10 | Queue | Villager (Male) |
| 14:11 | Queue | Villager (Male) |
| 14:14 | Build | Blacksmith |
| 14:19 | Build | Palisade Wall |
| 14:20 | Queue | Archer |
| 14:20 | Queue | Archer |
| 14:20 | Queue | Archer |
| 14:20 | Queue | Archer |
| 14:37 | Queue | Villager (Male) |
| 14:37 | Queue | Villager (Male) |
| 14:37 | Queue | Villager (Male) |
| 14:42 | Build | Palisade Wall |
| 15:01 | Build | Palisade Wall |
| 15:09 | Queue | Villager (Male) |
| 15:09 | Queue | Villager (Male) |
| 15:12 | Build | Farm |
| 15:14 | Build | Farm |
| 15:14 | Build | Farm |
| 15:20 | Build | Palisade Wall |
| 15:35 | Build | Palisade Gate |
| 15:50 | Queue | Villager (Male) |
| 15:51 | Queue | Villager (Male) |
| 15:57 | Build | Palisade Gate |
| 16:04 | Build | Palisade Gate |
| 16:11 | Build | Palisade Wall |
| 16:24 | Queue | Villager (Male) |
| 16:24 | Queue | Villager (Male) |
| 16:26 | Build | Farm |
| 16:27 | Queue | Archer |
| 16:27 | Queue | Archer |
| 16:28 | Queue | Archer |
| 16:28 | Queue | Archer |
| 16:45 | Build | Palisade Wall |
| 17:07 | Build | House |
| 17:16 | Build | House |
| 17:26 | Build | House |
| 17:27 | Build | House |
| 17:36 | Queue | Villager (Male) |
| 17:37 | Queue | Villager (Male) |
| 17:40 | Queue | Archer |
| 17:40 | Queue | Archer |
| 17:41 | Queue | Archer |
| 17:45 | Build | House |
| 17:47 | Build | House |
| 17:56 | Build | Farm |
| 17:58 | Build | Farm |
| 18:33 | Queue | Archer |
| 18:33 | Queue | Archer |
| 18:33 | Queue | Archer |
| 18:42 | Research | Fletching |
| 18:48 | Queue | Villager (Male) |
| 18:48 | Queue | Villager (Male) |
| 18:48 | Queue | Villager (Male) |
| 19:38 | Build | Archery Range |
| 19:54 | Queue | Archer |
| 19:54 | Queue | Archer |
| 19:54 | Queue | Archer |
| 20:26 | Research | Castle Age |
| 20:26 | Research | Castle Age |
| 20:27 | Research | Castle Age |
| 20:27 | Research | Castle Age |
| 20:33 | Queue | Archer |
| 20:33 | Queue | Archer |
| 20:33 | Queue | Archer |
| 20:33 | Queue | Archer |
| 20:45 | Build | Market |
| 21:18 | Research | Padded Archer Armor |
Build order — LMG_Leonardo
First 150 of 191 actions detected
| 0:01 | Queue | Villager (Male) |
| 0:02 | Queue | Villager (Male) |
| 0:02 | Queue | Villager (Male) |
| 0:02 | Queue | Villager (Male) |
| 0:03 | Build | House |
| 0:06 | Build | House |
| 1:31 | Queue | Villager (Male) |
| 1:31 | Queue | Villager (Male) |
| 2:02 | Queue | Villager (Male) |
| 2:02 | Queue | Villager (Male) |
| 2:15 | Build | Mill |
| 2:16 | Queue | Villager (Male) |
| 2:16 | Queue | Villager (Male) |
| 2:58 | Queue | Villager (Male) |
| 2:58 | Queue | Villager (Male) |
| 3:09 | Queue | Villager (Male) |
| 3:09 | Queue | Villager (Male) |
| 3:10 | Queue | Villager (Male) |
| 3:29 | Build | House |
| 3:39 | Queue | Villager (Male) |
| 3:39 | Queue | Villager (Male) |
| 4:05 | Queue | Villager (Male) |
| 4:40 | Queue | Villager (Male) |
| 4:41 | Queue | Villager (Male) |
| 4:41 | Queue | Villager (Male) |
| 4:41 | Queue | Villager (Male) |
| 5:06 | Queue | Villager (Male) |
| 5:06 | Queue | Villager (Male) |
| 5:16 | Queue | Villager (Male) |
| 5:16 | Research | Loom |
| 6:02 | Build | Lumber Camp |
| 6:16 | Queue | Villager (Male) |
| 6:16 | Research | Loom |
| 6:59 | Research | Feudal Age |
| 7:34 | Queue | Villager (Male) |
| 7:34 | Queue | Villager (Male) |
| 7:53 | Build | House |
| 8:24 | Build | Barracks |
| 8:26 | Build | Palisade Wall |
| 8:29 | Build | Palisade Wall |
| 9:18 | Age | Feudal Age |
| 9:23 | Build | Stable |
| 9:35 | Research | Double-Bit Axe |
| 9:51 | Queue | Villager (Male) |
| 10:00 | Build | House |
| 10:03 | Build | House |
| 10:08 | Queue | Scout Cavalry |
| 10:08 | Queue | Scout Cavalry |
| 10:09 | Queue | Scout Cavalry |
| 10:20 | Build | Mill |
| 10:27 | Queue | Villager (Male) |
| 10:43 | Build | House |
| 10:44 | Build | House |
| 10:59 | Queue | Villager (Male) |
| 11:04 | Build | Farm |
| 11:07 | Build | Farm |
| 11:21 | Build | Palisade Wall |
| 11:25 | Queue | Villager (Male) |
| 11:26 | Queue | Villager (Male) |
| 11:31 | Build | Palisade Wall |
| 11:36 | Build | Farm |
| 11:40 | Queue | Scout Cavalry |
| 12:04 | Queue | Villager (Male) |
| 12:05 | Queue | Villager (Male) |
| 12:25 | Queue | Villager (Male) |
| 12:49 | Queue | Villager (Male) |
| 13:09 | Build | House |
| 13:11 | Build | Palisade Wall |
| 13:13 | Build | Farm |
| 13:17 | Queue | Villager (Male) |
| 13:17 | Queue | Villager (Male) |
| 13:20 | Build | Farm |
| 13:22 | Build | Farm |
| 13:22 | Build | Farm |
| 13:23 | Build | Farm |
| 13:42 | Queue | Villager (Male) |
| 14:02 | Build | Farm |
| 14:04 | Build | Farm |
| 14:09 | Build | Farm |
| 14:11 | Build | Farm |
| 14:12 | Build | Farm |
| 14:13 | Queue | Villager (Male) |
| 14:18 | Build | Farm |
| 14:30 | Build | Blacksmith |
| 14:33 | Build | House |
| 14:34 | Build | House |
| 14:36 | Queue | Villager (Male) |
| 14:36 | Queue | Villager (Male) |
| 15:02 | Research | Horse Collar |
| 15:11 | Build | Palisade Wall |
| 15:14 | Build | Palisade Wall |
| 15:18 | Build | Palisade Wall |
| 15:20 | Build | Palisade Wall |
| 15:22 | Queue | Villager (Male) |
| 15:33 | Queue | Scout Cavalry |
| 15:33 | Queue | Scout Cavalry |
| 16:17 | Queue | Villager (Male) |
| 16:17 | Queue | Villager (Male) |
| 16:20 | Build | Mining Camp |
| 16:38 | Queue | Villager (Male) |
| 16:45 | Build | Farm |
| 16:45 | Build | Farm |
| 16:59 | Build | Stable |
| 17:06 | Research | Wheelbarrow |
| 18:12 | Build | Market |
| 18:19 | Queue | Villager (Male) |
| 18:19 | Queue | Villager (Male) |
| 18:43 | Research | Castle Age |
| 19:18 | Queue | Villager (Male) |
| 19:18 | Queue | Villager (Male) |
| 19:22 | Build | Stable |
| 19:38 | Build | Stable |
| 19:42 | Research | Bloodlines |
| 19:44 | Research | Scale Barding Armor |
| 19:45 | Research | Scale Barding Armor |
| 20:15 | Queue | Scout Cavalry |
| 20:16 | Queue | Scout Cavalry |
| 20:16 | Queue | Scout Cavalry |
| 20:26 | Build | Farm |
| 20:33 | Build | Farm |
| 20:39 | Queue | Scout Cavalry |
| 21:08 | Build | Farm |
| 21:27 | Age | Castle Age |
| 21:32 | Research | Light Cavalry (upgrade) |
| 21:33 | Research | Chain Barding Armor |
| 21:36 | Queue | Knight |
| 21:36 | Queue | Knight |
| 21:53 | Research | Husbandry |
| 22:09 | Queue | Villager (Male) |
| 22:40 | Build | Town Center |
| 23:10 | Queue | Villager (Male) |
| 23:10 | Queue | Villager (Male) |
| 23:11 | Queue | Knight |
| 23:11 | Queue | Knight |
| 23:11 | Queue | Knight |
| 23:11 | Queue | Knight |
| 23:11 | Queue | Knight |
| 23:11 | Queue | Knight |
| 23:11 | Queue | Knight |
| 23:11 | Queue | Knight |
| 23:11 | Queue | Knight |
| 23:11 | Queue | Knight |
| 23:11 | Queue | Knight |
| 23:11 | Queue | Knight |
| 23:11 | Queue | Knight |
| 23:11 | Queue | Knight |
| 23:11 | Queue | Knight |
| 23:11 | Queue | Knight |
| 23:23 | Queue | Villager (Male) |
| 23:24 | Queue | Villager (Male) |
Build order — TheCaesar
First 150 of 153 actions detected
| 0:00 | Queue | Villager (Male) |
| 0:01 | Queue | Villager (Male) |
| 0:01 | Queue | Villager (Male) |
| 0:03 | Build | House |
| 0:04 | Build | House |
| 1:22 | Queue | Villager (Male) |
| 1:22 | Queue | Villager (Male) |
| 2:04 | Queue | Villager (Male) |
| 2:05 | Queue | Villager (Male) |
| 2:05 | Queue | Villager (Male) |
| 2:09 | Build | Lumber Camp |
| 3:03 | Queue | Villager (Male) |
| 3:04 | Queue | Villager (Male) |
| 3:36 | Queue | Villager (Male) |
| 3:37 | Queue | Villager (Male) |
| 3:37 | Queue | Villager (Male) |
| 3:39 | Build | House |
| 3:57 | Build | Mill |
| 4:50 | Queue | Villager (Male) |
| 4:51 | Queue | Villager (Male) |
| 5:21 | Queue | Villager (Male) |
| 5:54 | Queue | Villager (Male) |
| 5:59 | Build | House |
| 6:25 | Queue | Villager (Male) |
| 6:26 | Queue | Villager (Male) |
| 6:26 | Research | Loom |
| 6:41 | Build | Lumber Camp |
| 7:24 | Queue | Villager (Male) |
| 7:37 | Build | Mining Camp |
| 7:50 | Research | Feudal Age |
| 8:30 | Build | Barracks |
| 8:42 | Build | Palisade Wall |
| 8:52 | Build | Palisade Wall |
| 8:54 | Build | Palisade Wall |
| 9:01 | Build | Palisade Wall |
| 9:12 | Build | Palisade Wall |
| 9:15 | Queue | Villager (Male) |
| 9:16 | Queue | Villager (Male) |
| 9:16 | Queue | Villager (Male) |
| 9:28 | Build | Palisade Wall |
| 9:30 | Build | Palisade Wall |
| 9:34 | Build | Palisade Wall |
| 9:41 | Build | Palisade Gate |
| 10:00 | Age | Feudal Age |
| 10:01 | Build | Archery Range |
| 10:11 | Research | Double-Bit Axe |
| 10:23 | Build | House |
| 10:45 | Queue | Villager (Male) |
| 10:45 | Queue | Villager (Male) |
| 11:05 | Build | Palisade Wall |
| 11:07 | Build | Palisade Wall |
| 11:21 | Build | Archery Range |
| 11:23 | Build | Palisade Wall |
| 11:30 | Build | House |
| 11:48 | Queue | Villager (Male) |
| 11:48 | Queue | Villager (Male) |
| 12:04 | Build | Blacksmith |
| 12:07 | Build | Palisade Wall |
| 12:12 | Queue | Villager (Male) |
| 12:24 | Queue | Archer |
| 12:24 | Queue | Archer |
| 12:24 | Queue | Archer |
| 12:25 | Queue | Archer |
| 12:36 | Build | House |
| 12:41 | Build | House |
| 12:53 | Build | Farm |
| 12:58 | Build | Farm |
| 13:21 | Build | Farm |
| 13:27 | Build | Farm |
| 13:28 | Queue | Villager (Male) |
| 13:40 | Queue | Archer |
| 13:40 | Queue | Archer |
| 13:49 | Build | Farm |
| 13:54 | Queue | Villager (Male) |
| 14:02 | Build | Farm |
| 14:22 | Build | Farm |
| 14:24 | Queue | Villager (Male) |
| 14:32 | Build | Farm |
| 14:42 | Build | House |
| 15:11 | Queue | Villager (Male) |
| 15:11 | Queue | Villager (Male) |
| 15:16 | Build | House |
| 15:19 | Queue | Archer |
| 15:20 | Queue | Archer |
| 15:32 | Queue | Archer |
| 15:32 | Queue | Archer |
| 15:35 | Research | Fletching |
| 15:45 | Build | Farm |
| 15:48 | Queue | Villager (Male) |
| 15:54 | Queue | Villager (Male) |
| 16:30 | Queue | Archer |
| 16:31 | Queue | Archer |
| 16:31 | Queue | Archer |
| 16:31 | Queue | Archer |
| 16:35 | Build | Farm |
| 16:36 | Build | Farm |
| 16:40 | Build | Farm |
| 16:57 | Build | House |
| 17:00 | Build | House |
| 17:03 | Build | House |
| 17:06 | Build | Farm |
| 17:30 | Queue | Archer |
| 17:30 | Queue | Archer |
| 18:25 | Queue | Villager (Male) |
| 18:26 | Queue | Villager (Male) |
| 18:26 | Queue | Villager (Male) |
| 18:30 | Queue | Archer |
| 18:30 | Queue | Archer |
| 18:33 | Build | Farm |
| 18:41 | Build | House |
| 18:43 | Build | House |
| 18:44 | Build | House |
| 18:45 | Build | House |
| 18:59 | Build | Farm |
| 19:36 | Build | Farm |
| 19:38 | Research | Castle Age |
| 20:36 | Research | Padded Archer Armor |
| 20:43 | Queue | Archer |
| 20:43 | Queue | Archer |
| 20:43 | Queue | Archer |
| 20:43 | Queue | Archer |
| 21:35 | Build | Palisade Gate |
| 21:57 | Queue | Villager (Male) |
| 21:58 | Queue | Villager (Male) |
| 21:58 | Queue | Villager (Male) |
| 22:09 | Build | House |
| 22:20 | Age | Castle Age |
| 22:22 | Build | Town Center |
| 22:28 | Build | Town Center |
| 22:32 | Research | Crossbowman (upgrade) |
| 23:45 | Queue | Archer |
| 23:45 | Queue | Archer |
| 23:46 | Queue | Archer |
| 23:47 | Queue | Archer |
| 23:47 | Queue | Archer |
| 23:52 | Queue | Villager (Male) |
| 23:52 | Queue | Villager (Male) |
| 23:52 | Queue | Villager (Male) |
| 23:52 | Queue | Villager (Male) |
| 24:01 | Build | University |
| 24:04 | Build | Monastery |
| 24:11 | Build | House |
| 24:12 | Build | House |
| 24:13 | Build | House |
| 24:28 | Queue | Archer |
| 24:55 | Research | Ballistics |
| 25:34 | Build | Mining Camp |
| 25:49 | Queue | Archer |
| 25:49 | Queue | Archer |
| 26:22 | Queue | Villager (Male) |
Build order — Malicious
141 actions detected in the replay
| 0:00 | Queue | Villager (Male) |
| 0:01 | Queue | Villager (Male) |
| 0:01 | Queue | Villager (Male) |
| 0:01 | Queue | Villager (Male) |
| 0:03 | Build | House |
| 0:04 | Build | House |
| 1:26 | Queue | Villager (Male) |
| 1:26 | Queue | Villager (Male) |
| 1:54 | Build | Lumber Camp |
| 1:58 | Queue | Villager (Male) |
| 1:58 | Queue | Villager (Male) |
| 2:18 | Queue | Villager (Male) |
| 2:19 | Queue | Villager (Male) |
| 3:03 | Queue | Villager (Male) |
| 3:03 | Queue | Villager (Male) |
| 3:03 | Queue | Villager (Male) |
| 3:34 | Build | Mill |
| 4:33 | Research | Loom |
| 4:48 | Queue | Villager (Male) |
| 5:28 | Queue | Villager (Male) |
| 6:04 | Queue | Villager (Male) |
| 6:25 | Queue | Villager (Male) |
| 6:25 | Queue | Villager (Male) |
| 7:06 | Queue | Villager (Male) |
| 7:06 | Queue | Villager (Male) |
| 7:07 | Queue | Villager (Male) |
| 7:49 | Build | House |
| 8:28 | Queue | Villager (Male) |
| 8:56 | Queue | Villager (Male) |
| 9:27 | Research | Feudal Age |
| 9:36 | Build | House |
| 9:42 | Build | Palisade Wall |
| 9:47 | Build | Palisade Wall |
| 9:59 | Build | Mill |
| 10:13 | Build | House |
| 10:19 | Build | Palisade Wall |
| 10:27 | Build | Palisade Wall |
| 10:31 | Build | Palisade Wall |
| 10:50 | Build | Palisade Wall |
| 10:55 | Build | Palisade Wall |
| 11:23 | Build | Palisade Gate |
| 11:37 | Age | Feudal Age |
| 11:39 | Build | Palisade Wall |
| 11:39 | Build | Palisade Wall |
| 12:29 | Build | Palisade Wall |
| 12:35 | Build | Palisade Wall |
| 12:37 | Build | Palisade Wall |
| 12:41 | Build | Palisade Wall |
| 13:02 | Queue | Villager (Male) |
| 13:03 | Queue | Villager (Male) |
| 13:03 | Queue | Villager (Male) |
| 13:15 | Build | Barracks |
| 13:25 | Queue | Villager (Male) |
| 13:25 | Queue | Villager (Male) |
| 13:35 | Research | Double-Bit Axe |
| 14:13 | Queue | Spearman |
| 14:13 | Queue | Spearman |
| 14:28 | Build | Mill |
| 14:29 | Build | Farm |
| 14:31 | Build | Farm |
| 14:34 | Build | Farm |
| 14:34 | Build | Farm |
| 14:35 | Build | Farm |
| 14:35 | Build | Farm |
| 14:35 | Build | Farm |
| 14:36 | Build | Farm |
| 14:37 | Build | Farm |
| 15:30 | Queue | Villager (Male) |
| 15:31 | Queue | Villager (Male) |
| 15:31 | Queue | Villager (Male) |
| 15:36 | Queue | Spearman |
| 15:37 | Queue | Spearman |
| 15:37 | Queue | Spearman |
| 15:47 | Build | Farm |
| 16:52 | Build | Blacksmith |
| 16:54 | Queue | Villager (Male) |
| 16:55 | Queue | Villager (Male) |
| 16:55 | Queue | Villager (Male) |
| 16:56 | Queue | Villager (Male) |
| 17:01 | Build | Palisade Wall |
| 17:25 | Build | Palisade Wall |
| 17:32 | Build | Stable |
| 17:45 | Queue | Spearman |
| 17:46 | Queue | Villager (Male) |
| 17:47 | Queue | Villager (Male) |
| 17:54 | Build | Farm |
| 17:57 | Build | Farm |
| 17:59 | Build | Farm |
| 18:03 | Build | Farm |
| 18:04 | Research | Horse Collar |
| 18:33 | Queue | Scout Cavalry |
| 18:34 | Queue | Scout Cavalry |
| 18:41 | Queue | Villager (Male) |
| 19:07 | Queue | Scout Cavalry |
| 19:10 | Build | Mining Camp |
| 19:26 | Build | Palisade Wall |
| 19:41 | Queue | Villager (Male) |
| 19:41 | Queue | Villager (Male) |
| 19:50 | Queue | Scout Cavalry |
| 20:17 | Queue | Scout Cavalry |
| 20:19 | Research | Forging |
| 20:42 | Queue | Villager (Male) |
| 20:43 | Queue | Villager (Male) |
| 20:57 | Research | Scale Barding Armor |
| 21:08 | Queue | Villager (Male) |
| 21:10 | Build | Mining Camp |
| 21:15 | Queue | Spearman |
| 21:15 | Queue | Spearman |
| 21:40 | Queue | Villager (Male) |
| 21:57 | Queue | Villager (Male) |
| 22:03 | Queue | Spearman |
| 22:10 | Build | House |
| 22:11 | Build | House |
| 22:13 | Build | House |
| 22:18 | Build | House |
| 22:20 | Build | House |
| 22:21 | Build | House |
| 22:23 | Build | House |
| 23:00 | Research | Bloodlines |
| 23:02 | Queue | Scout Cavalry |
| 23:03 | Queue | Scout Cavalry |
| 23:03 | Queue | Scout Cavalry |
| 23:06 | Queue | Villager (Male) |
| 23:06 | Queue | Villager (Male) |
| 23:06 | Queue | Villager (Male) |
| 23:42 | Build | Farm |
| 23:59 | Queue | Villager (Male) |
| 23:59 | Queue | Villager (Male) |
| 24:08 | Build | Farm |
| 24:35 | Build | Farm |
| 24:50 | Queue | Spearman |
| 24:53 | Build | Farm |
| 25:10 | Queue | Villager (Male) |
| 25:24 | Build | Gate |
| 25:42 | Research | Castle Age |
| 25:47 | Build | House |
| 25:49 | Build | House |
| 25:51 | Build | House |
| 26:16 | Build | House |
| 26:18 | Build | House |
| 26:20 | Build | House |
Match timeline
| 8:24 | LMG_Leonardo · first_building Barracks |
| 8:26 | LMG_Leonardo · wall_segment Palisade Wall x4 |
| 8:29 | LMG_Leonardo · wall_segment Palisade Wall x3 |
| 8:30 | TheCaesar · first_building Barracks |
| 8:42 | TheCaesar · wall_segment Palisade Wall x13 |
| 8:52 | TheCaesar · wall_segment Palisade Wall x1 |
| 8:54 | TheCaesar · wall_segment Palisade Wall x8 |
| 9:01 | TheCaesar · wall_segment Palisade Wall x2 |
| 9:09 | LMG_HERA DE TEMU · first_building Barracks |
| 9:12 | TheCaesar · wall_segment Palisade Wall x11 |
| 9:18 | LMG_Leonardo · age_up feudal |
| 9:23 | LMG_Leonardo · first_building Stable |
| 9:28 | TheCaesar · wall_segment Palisade Wall x14 |
| 9:30 | TheCaesar · wall_segment Palisade Wall x2 |
| 9:34 | TheCaesar · wall_segment Palisade Wall x4 |
| 9:42 | Malicious · wall_segment Palisade Wall x4 |
| 9:47 | Malicious · wall_segment Palisade Wall x5 |
| 9:48 | LMG_HERA DE TEMU · age_up feudal |
| 10:00 | TheCaesar · age_up feudal |
| 10:01 | TheCaesar · first_building Archery Range |
| 10:13 | LMG_HERA DE TEMU · first_building Archery Range |
| 10:19 | Malicious · wall_segment Palisade Wall x24 |
| 10:27 | Malicious · wall_segment Palisade Wall x13 |
| 10:31 | Malicious · wall_segment Palisade Wall x4 |
| 10:50 | Malicious · wall_segment Palisade Wall x6 |
| 10:55 | Malicious · wall_segment Palisade Wall x8 |
| 11:05 | TheCaesar · wall_segment Palisade Wall x10 |
| 11:07 | TheCaesar · wall_segment Palisade Wall x1 |
| 11:21 | LMG_Leonardo · wall_segment Palisade Wall x10 |
| 11:23 | TheCaesar · wall_segment Palisade Wall x2 |
| 11:31 | LMG_Leonardo · wall_segment Palisade Wall x23 |
| 11:37 | Malicious · age_up feudal |
| 11:39 | Malicious · wall_segment Palisade Wall x4 |
| 11:39 | Malicious · wall_segment Palisade Wall x2 |
| 11:57 | LMG_HERA DE TEMU · wall_segment Palisade Wall x5 |
| 12:01 | LMG_HERA DE TEMU · wall_segment Palisade Wall x7 |
| 12:07 | TheCaesar · wall_segment Palisade Wall x2 |
| 12:29 | Malicious · wall_segment Palisade Wall x4 |
| 12:35 | Malicious · wall_segment Palisade Wall x1 |
| 12:37 | Malicious · wall_segment Palisade Wall x1 |
| 12:41 | Malicious · wall_segment Palisade Wall x1 |
| 12:43 | LMG_HERA DE TEMU · wall_segment Palisade Wall x8 |
| 12:58 | LMG_HERA DE TEMU · wall_segment Palisade Wall x7 |
| 13:11 | LMG_Leonardo · wall_segment Palisade Wall x8 |
| 13:15 | Malicious · first_building Barracks |
| 14:19 | LMG_HERA DE TEMU · wall_segment Palisade Wall x3 |
| 14:42 | LMG_HERA DE TEMU · wall_segment Palisade Wall x12 |
| 15:01 | LMG_HERA DE TEMU · wall_segment Palisade Wall x12 |
| 15:11 | LMG_Leonardo · wall_segment Palisade Wall x20 |
| 15:14 | LMG_Leonardo · wall_segment Palisade Wall x8 |
| 15:18 | LMG_Leonardo · wall_segment Palisade Wall x6 |
| 15:20 | LMG_Leonardo · wall_segment Palisade Wall x4 |
| 15:20 | LMG_HERA DE TEMU · wall_segment Palisade Wall x4 |
| 16:11 | LMG_HERA DE TEMU · wall_segment Palisade Wall x10 |
| 16:45 | LMG_HERA DE TEMU · wall_segment Palisade Wall x6 |
| 17:01 | Malicious · wall_segment Palisade Wall x1 |
| 17:25 | Malicious · wall_segment Palisade Wall x1 |
| 17:32 | Malicious · first_building Stable |
| 19:26 | Malicious · wall_segment Palisade Wall x1 |
| 21:27 | LMG_Leonardo · age_up castle |
| 22:20 | TheCaesar · age_up castle |
| 23:06 | LMG_HERA DE TEMU · age_up castle |
| 24:04 | TheCaesar · first_building Monastery |
| 26:31 | TheCaesar · first_building Siege Workshop |
| 26:47 | Malicious · resign |
[ AI ANALYSIS · 1 CREDIT ]
What really happened in this match?
Wolo.gg analyzes every decision: build order, eco, micro, common mistakes by bracket. Personalized analysis on WhatsApp or Discord in 30 seconds.
Civ guide
Vietnamese
Perfil
LMG_HERA DE TEMU